[Event "Friday Night Double Round Robin 3m+1s Starts at 2200hrs ST NO LATE JOINS POSS"]
[Site "Infinity Chess"]
[Date "2018.1.20"]
[Round "22"]
[White "MGR"]
[Black "RonWeasley"]
[Result "1-0"]
[ECO "C11"]
[WhiteElo "2527"]
[BlackElo "2510"]
[WhiteEngine "asmFishW_2017-11-19_bmi2"]
[BlackEngine "BrainFish 130117_CTG"]
[EventType "Round Robin"]
[WhiteTeam ""]
[BlackTeam ""]
[PlyCount "209"]
[TimeControl "180+1"]

1. e4 e6 2. d4 d5 3. Nc3 Nf6 4. e5 Nfd7 5. f4 c5 6. Nf3 Nc6 7. Be3 cxd4 
8. Nxd4 Qb6 9. Qd2 Qxb2 10. Rb1 Qa3 11. Bb5 Nxd4 12. Bxd4 a6 13. Rb3 Qe7 
14. Ba4 g6 15. O-O Bg7 16. Bxd7+ Qxd7 17. Bc5 b5 18. Qd4 Qc7 19. a4 Bd7 
20. axb5 Rc8 21. Bb4 axb5 22. Ra1 Qc4 23. Qxc4 bxc4 24. Rb2 Rb8 25. Bd6 Rxb2 
26. Ra8+ Bc8 27. Rxc8+ Kd7 28. Rc7+ Kd8 29. Rxf7 Bf8 30. Bxf8 Ke8 31. Ba3 Kxf7 
32. Bxb2 Rb8 33. Ba3 Ra8 34. Bc5 Ra1+ 35. Kf2 Rc1 36. g4 Rxc2+ 37. Ne2 h5 
38. gxh5 gxh5 39. h4 Ra2 40. Bd4 Rd2 41. f5 Rd1 42. Bc3 exf5 43. Nd4 Rb1 
44. e6+ Kf6 45. Bd2 Rb2 46. Ke1 Rb1+ 47. Ke2 Rb2 48. Kd1 Rb1+ 49. Ke2 Rb2 
50. Kd1 Rb1+ 51. Kc2 Rg1 52. Kc3 Ke7 53. Kb4 Rf1 54. Bh6 f4 55. Kc5 f3 
56. Bg5+ Ke8 57. Kd6 c3 58. Nb5 Kf8 59. Bh6+ Kg8 60. Nd4 c2 61. Nxc2 Rb1 
62. Be3 Rb3 63. Bf2 Kf8 64. Nd4 Rb2 65. Bg1 Rb8 66. e7+ Kf7 67. Nc6 Rh8 
68. Kd7 Kg6 69. e8=Q+ Rxe8 70. Kxe8 Kf5 71. Ne7+ Kg4 72. Nxd5 Kh3 73. Nf4+ Kxh4 
74. Bf2+ Kg5 75. Nd3 Kg4 76. Ne5+ Kg5 77. Ke7 Kf5 78. Kd6 Kf6 79. Kd5 h4 
80. Bxh4+ Kf5 81. Bg3 f2 82. Bxf2 Kf4 83. Kd4 Kg5 84. Ke4 Kf6 85. Bg3 Ke6 
86. Nc4 Kd7 87. Kd5 Kc8 88. Kc6 Kd8 89. Bd6 Ke8 90. Kd5 Kf7 91. Ke5 Ke8 
92. Ke6 Kd8 93. Nb6 Ke8 94. Nd5 Kd8 95. Ne7 Ke8 96. Bc7 Kf8 97. Nf5 Ke8 
98. Nd6+ Kf8 99. Kf6 Kg8 100. Kg6 Kh8 101. Bd8 Kg8 102. Be7 Kh8 103. Nf7+ Kg8 
104. Nh6+ Kh8 105. Bf6# 1-0

[Event "Friday Night Double Round Robin 3m+1s Starts at 2200hrs ST NO LATE JOINS POSS"]
[Site "Infinity Chess"]
[Date "2018.1.20"]
[Round "22"]
[White "OlivierEvan"]
[Black "BraveDevil"]
[Result "1/2-1/2"]
[ECO "B90"]
[WhiteElo "2395"]
[BlackElo "2443"]
[WhiteEngine "Houdini 6"]
[BlackEngine "Cryptic AIL V1"]
[EventType "Round Robin"]
[WhiteTeam ""]
[BlackTeam ""]
[PlyCount "185"]
[TimeControl "180+1"]

1. e4 c5 2. Nf3 d6 3. d4 cxd4 4. Nxd4 Nf6 5. Nc3 a6 6. Be3 e5 7. Nb3 Be7 
8. f3 Be6 9. Qd2 O-O 10. O-O-O Nbd7 11. g4 Qc7 12. a3 b5 13. Kb1 Nb6 14. g5 Nh5 
15. Na5 g6 16. Nd5 Bxd5 17. exd5 Nxd5 18. Qxd5 Qxa5 19. Bd3 Rab8 20. Be4 Qc7 
21. Qd2 b4 22. axb4 Rfc8 23. c3 a5 24. Rc1 Qc4 25. bxa5 Nf4 26. Bxf4 exf4 
27. Qd5 Qa6 28. Bd3 Rc5 29. Qxf7+ Kxf7 30. Bxa6 Rxa5 31. Bc4+ d5 32. Bd3 Bxg5 
33. h4 Bf6 34. h5 Ra3 35. Kc2 Ra2 36. hxg6+ hxg6 37. Rb1 g5 38. Rh6 Rb6 
39. Rh3 Kf8 40. Rh7 Bg7 41. Rhh1 Bf6 42. Rhd1 Rc6 43. Kb3 Ra8 44. Re1 Kf7 
45. Re2 Rb6+ 46. Kc2 Ra2 47. Bf5 Ra5 48. Bh7 Ra2 49. Bd3 Bg7 50. Rd2 Bf6 
51. Bf1 Ra5 52. Rd3 Rb7 53. Rdd1 Rba7 54. Re1 Ra2 55. Bh3 R7a6 56. Red1 Rc6 
57. Kb3 Ra5 58. Ra1 Rxa1 59. Rxa1 d4 60. Ra7+ Kg6 61. cxd4 Bxd4 62. Rb7 Rc1 
63. Rb4 Bc5 64. Rc4 Be3 65. Rxc1 Bxc1 66. Kc2 Be3 67. Kd3 Kf6 68. Ke4 Bc5 
69. Kd5 Bb4 70. Kc4 Be7 71. Kd4 Bb4 72. Bf1 Ke6 73. Bc4+ Kf5 74. Bd3+ Ke6 
75. Be4 Kd6 76. Bb7 Bc5+ 77. Kc4 Be3 78. b4 Bf2 79. Be4 Bb6 80. Bf5 Bd8 
81. Kd3 Bb6 82. Kc4 Bf2 83. b5 Be3 84. Be4 Ke5 85. Bc6 Kd6 86. Be4 Bb6 
87. Bf5 Bd8 88. Bb1 Bb6 89. Be4 Ke5 90. Bd5 Be3 91. Bc6 Bg1 92. Be8 Be3 93. Bc6 
1/2-1/2

[Event "Friday Night Double Round Robin 3m+1s Starts at 2200hrs ST NO LATE JOINS POSS"]
[Site "Infinity Chess"]
[Date "2018.1.20"]
[Round "21"]
[White "BraveDevil"]
[Black "MGR"]
[Result "1/2-1/2"]
[ECO "E12"]
[WhiteElo "2439"]
[BlackElo "2531"]
[WhiteEngine "Cryptic AIL V1"]
[BlackEngine "asmFishW_2017-11-19_bmi2"]
[EventType "Round Robin"]
[WhiteTeam ""]
[BlackTeam ""]
[PlyCount "105"]
[TimeControl "180+1"]

1. d4 Nf6 2. c4 e6 3. Nf3 b6 4. Nc3 Bb4 5. Bd2 O-O 6. e3 d5 7. a3 Bd6 8. b4 dxc4 
9. e4 Be7 10. Bxc4 c5 11. bxc5 bxc5 12. d5 exd5 13. Nxd5 Nxe4 14. Bf4 Ba6 
15. Bxa6 Nxa6 16. O-O Bd6 17. Qa4 Nc7 18. Bxd6 Nxd6 19. Rad1 Ne6 20. Rfe1 Nf5 
21. Qg4 Nfd4 22. Nxd4 cxd4 23. Nf4 Nxf4 24. Qxf4 Qa5 25. Qxd4 Qxa3 26. Ra1 Qb3 
27. Rxa7 Rxa7 28. Qxa7 Qb4 29. Qe3 h5 30. h3 Rd8 31. Qe4 Qxe4 32. Rxe4 Rd1+ 
33. Kh2 f6 34. Rh4 g6 35. Rb4 Kg7 36. Rb6 Rd4 37. Rb7+ Kh6 38. Rb6 Kg7 
39. Rb7+ Kh6 40. Rf7 Kg5 41. Ra7 Rd2 42. Kg3 h4+ 43. Kf3 f5 44. Rb7 Rd6 
45. Rb3 Rd2 46. g3 Kh5 47. Rb7 hxg3 48. fxg3 Rd3+ 49. Kg2 g5 50. Rb6 Rd2+ 
51. Kf3 g4+ 52. hxg4+ fxg4+ 53. Ke4 1/2-1/2

[Event "Friday Night Double Round Robin 3m+1s Starts at 2200hrs ST NO LATE JOINS POSS"]
[Site "Infinity Chess"]
[Date "2018.1.20"]
[Round "21"]
[White "RonWeasley"]
[Black "Victorious"]
[Result "1/2-1/2"]
[ECO "C53"]
[WhiteElo "2509"]
[BlackElo "2543"]
[WhiteEngine "BrainFish 130117_CTG"]
[BlackEngine "BugChess2.41_Release"]
[EventType "Round Robin"]
[WhiteTeam ""]
[BlackTeam ""]
[PlyCount "109"]
[TimeControl "180+1"]

1. e4 e5 2. Nf3 Nc6 3. Bc4 Bc5 4. c3 Nf6 5. d3 O-O 6. O-O d6 7. Bb3 a5 8. Bg5 h6 
9. Bh4 g5 10. Bg3 g4 11. Nh4 Nh5 12. a4 Qg5 13. Nd2 Kh8 14. Qc2 Ne7 15. Rad1 Ba7 
16. Nc4 f5 17. exf5 Nxf5 18. Nxf5 Bxf5 19. Qd2 Qxd2 20. Rxd2 Nxg3 21. hxg3 Bc5 
22. Rfd1 Kg7 23. Bc2 h5 24. d4 exd4 25. cxd4 Bb4 26. Re2 Bd7 27. Re7+ Rf7 
28. Rxf7+ Kxf7 29. f3 b5 30. axb5 Bxb5 31. Be4 c6 32. Na3 Ba4 33. Rf1 Ke7 
34. Bc2 Bxa3 35. Re1+ Kf6 36. Bxa4 Bxb2 37. Re4 c5 38. dxc5 dxc5 39. fxg4 hxg4 
40. Rxg4 Bd4+ 41. Kf1 Rb8 42. Ke2 Rb2+ 43. Kd3 Rb4 44. Bc6 a4 45. Bd5 Be5 
46. Rc4 Bd6 47. Rxb4 cxb4 48. Kc4 a3 49. Kb3 Ke5 50. Bc4 Be7 51. g4 Ke4 
52. Bf7 Bd6 53. Bc4 Be7 54. g5 Bxg5 55. Kxb4 1/2-1/2

[Event "Friday Night Double Round Robin 3m+1s Starts at 2200hrs ST NO LATE JOINS POSS"]
[Site "Infinity Chess"]
[Date "2018.1.20"]
[Round "21"]
[White "ocirema"]
[Black "Gilgamesch"]
[Result "1/2-1/2"]
[ECO "C65"]
[WhiteElo "2472"]
[BlackElo "2553"]
[WhiteEngine "stockfish_18011309_x64_modern_CTG"]
[BlackEngine "BrainFish_171005_x64_bmi2"]
[EventType "Round Robin"]
[WhiteTeam ""]
[BlackTeam ""]
[PlyCount "33"]
[TimeControl "180+1"]

1. e4 e5 2. Nf3 Nc6 3. Bb5 Nf6 4. O-O Nxe4 5. d4 Nd6 6. Bxc6 dxc6 7. dxe5 Nf5 
8. Qxd8+ Kxd8 9. Rd1+ Ke8 10. Nc3 Be7 11. Bg5 Bxg5 12. Nxg5 h6 13. Nf3 Ne7 
14. Nd4 Nf5 15. Nf3 Ne7 16. Nd4 Nf5 17. Nf3 1/2-1/2

[Event "Friday Night Double Round Robin 3m+1s Starts at 2200hrs ST NO LATE JOINS POSS"]
[Site "Infinity Chess"]
[Date "2018.1.20"]
[Round "21"]
[White "sg13040"]
[Black "xeonrocks"]
[Result "1/2-1/2"]
[ECO "C58"]
[WhiteElo "2452"]
[BlackElo "2540"]
[WhiteEngine "asmFishW_2018-01-14_popcnt"]
[BlackEngine "asmFishW_CTG"]
[EventType "Round Robin"]
[WhiteTeam ""]
[BlackTeam ""]
[PlyCount "28"]
[TimeControl "180+1"]

1. e4 e5 2. Nf3 Nc6 3. Bc4 Nf6 4. Ng5 d5 5. exd5 Na5 6. Bb5+ c6 7. dxc6 bxc6 
8. Bd3 Nd5 9. h4 h6 10. Qh5 Qf6 11. Ne4 Qe6 12. Ng5 Qf6 13. Ne4 Qe6 14. Ng5 Qf6 
1/2-1/2

[Event "Friday Night Double Round Robin 3m+1s Starts at 2200hrs ST NO LATE JOINS POSS"]
[Site "Infinity Chess"]
[Date "2018.1.20"]
[Round "21"]
[White "star99"]
[Black "PAKtech"]
[Result "1/2-1/2"]
[ECO "D31"]
[WhiteElo "2441"]
[BlackElo "2449"]
[WhiteEngine "Cryptic AIL V1"]
[BlackEngine "Raubfisch ME262_GTZ16b3._CTG"]
[EventType "Round Robin"]
[WhiteTeam ""]
[BlackTeam ""]
[PlyCount "52"]
[TimeControl "180+1"]

1. d4 d5 2. c4 e6 3. Nc3 c6 4. e4 dxe4 5. Nxe4 Bb4+ 6. Bd2 Qxd4 7. Bxb4 Qxe4+ 
8. Be2 Na6 9. Ba5 b6 10. Qd6 Bd7 11. Bc3 f6 12. O-O-O O-O-O 13. Qa3 Kb7 
14. Bf3 Qf4+ 15. Rd2 Qc7 16. Ne2 e5 17. Rhd1 Nh6 18. Ng3 Bg4 19. Bxg4 Nxg4 
20. Ne4 Rxd2 21. Rxd2 Rd8 22. h3 Nh6 23. Nd6+ Kb8 24. Ne4 Kb7 25. Nd6+ Kb8 
26. Ne4 Kb7 1/2-1/2

[Event "Friday Night Double Round Robin 3m+1s Starts at 2200hrs ST NO LATE JOINS POSS"]
[Site "Infinity Chess"]
[Date "2018.1.20"]
[Round "21"]
[White "KULLANI"]
[Black "tris77"]
[Result "1/2-1/2"]
[ECO "A46"]
[WhiteElo "2445"]
[BlackElo "2463"]
[WhiteEngine "BrainFish_180113_x64_CTG"]
[BlackEngine "Raubfisch X37b_CTG"]
[EventType "Round Robin"]
[WhiteTeam ""]
[BlackTeam ""]
[PlyCount "73"]
[TimeControl "180+1"]

1. d4 Nf6 2. Nf3 d5 3. e3 Bf5 4. c4 c6 5. Nc3 e6 6. Nh4 Be4 7. f3 Bg6 
8. Be2 dxc4 9. Bxc4 Nbd7 10. O-O Be7 11. g3 O-O 12. e4 c5 13. Be3 cxd4 
14. Bxd4 Qa5 15. Qa4 Qc7 16. Be2 a6 17. Rac1 Bc5 18. Nb1 Rac8 19. Bxc5 Nxc5 
20. Qb4 b5 21. Rfd1 Bh5 22. g4 Bg6 23. Qc3 Qb8 24. Qe3 Qe5 25. Qc3 Qb8 
26. Qe3 Qe5 27. b4 Na4 28. Rxc8 Rxc8 29. Qa7 Rf8 30. Nxg6 fxg6 31. Qxa6 Nxe4 
32. fxe4 Qxe4 33. Qxb5 Qe3+ 34. Kh1 Qe4+ 35. Kg1 Qe3+ 36. Kh1 Qe4+ 37. Kg1 
1/2-1/2

[Event "Friday Night Double Round Robin 3m+1s Starts at 2200hrs ST NO LATE JOINS POSS"]
[Site "Infinity Chess"]
[Date "2018.1.20"]
[Round "21"]
[White "Dovahkiin"]
[Black "OlivierEvan"]
[Result "1-0 "]
[ECO "E10"]
[WhiteElo "2442"]
[BlackElo "2410"]
[WhiteEngine "corchess_x64_modern_CTG"]
[BlackEngine "Houdini 6"]
[EventType "Round Robin"]
[WhiteTeam ""]
[BlackTeam ""]
[PlyCount "180"]
[TimeControl "180+1"]

1. d4 Nf6 2. c4 e6 3. Nf3 d5 4. e3 Be7 5. Nc3 O-O 6. a3 b6 7. cxd5 exd5 
8. b4 Nbd7 9. Be2 Bb7 10. O-O c6 11. Bb2 Bd6 12. b5 c5 13. a4 c4 14. Nd2 Qc7 
15. h3 Rfd8 16. Ba3 Ne8 17. Bf3 Ndf6 18. Qc2 Bxa3 19. Rxa3 Qe7 20. Ra2 Nd6 
21. Rfa1 g6 22. a5 Rac8 23. Rc1 h5 24. a6 Ba8 25. Qb1 Nf5 26. Nf1 Kg7 
27. Bd1 Nd6 28. Bc2 Nh7 29. Nd2 Ng5 30. Qb4 f5 31. Rb2 Ngf7 32. Ndb1 g5 
33. Ne2 h4 34. Nbc3 Rg8 35. Rbb1 Kh8 36. Kh2 Nd8 37. Rg1 Ne6 38. Rbf1 Rcf8 
39. Qb1 f4 40. exf4 gxf4 41. f3 Nc7 42. Re1 Qf6 43. Ba4 Nf5 44. Nd1 Re8 
45. Nf2 Ne3 46. Ng4 Qg5 47. Kh1 Rgf8 48. Qc1 Re6 49. Nc3 Re7 50. Nd1 Nf5 
51. Rxe7 Qxe7 52. Nc3 Nxd4 53. Re1 Qg7 54. Ne2 Nde6 55. Ng1 Nd4 56. Bc2 Ne8 
57. Ne5 Kg8 58. Ng6 Nd6 59. Ne7+ Kh8 60. Ng6+ Kg8 61. Ne7+ Kh8 62. Re5 N4f5 
63. Bxf5 Nxf5 64. Rxf5 Qxe7 65. Rh5+ Kg8 66. Qc2 Rf7 67. Qg6+ Rg7 68. Qf5 Qe8 
69. Rh6 d4 70. Qxf4 Qd8 71. Rxh4 Rh7 72. Qg4+ Kh8 73. Qxd4+ Qxd4 74. Rxd4 Rg7 
75. Ne2 Rg8 76. Nc3 Rf8 77. Rxc4 Kg7 78. Kh2 Kg6 79. Rc7 Bxf3 80. gxf3 Rxf3 
81. Nd5 Rf2+ 82. Kg3 Rd2 83. Nf4+ Kf5 84. Rxa7 Rd1 85. Re7 Rg1+ 86. Kf2 Ra1 
87. Nd5 Ra2+ 88. Ke3 Ra3+ 89. Kd4 Ra4+ 90. Kc3 Ra3+ 1-0

[Event "Friday Night Double Round Robin 3m+1s Starts at 2200hrs ST NO LATE JOINS POSS"]
[Site "Infinity Chess"]
[Date "2018.1.20"]
[Round "20"]
[White "Dovahkiin"]
[Black "KULLANI"]
[Result "1/2-1/2"]
[ECO "A00"]
[WhiteElo "2442"]
[BlackElo "2445"]
[WhiteEngine "corchess_x64_modern_CTG"]
[BlackEngine "BrainFish_180113_x64_CTG"]
[EventType "Round Robin"]
[WhiteTeam ""]
[BlackTeam ""]
[PlyCount "97"]
[TimeControl "180+1"]

1. e3 e5 2. e4 Nf6 3. Nc3 Bc5 4. Bc4 c6 5. Nf3 d6 6. d3 O-O 7. a4 Nbd7 8. O-O h6 
9. Be3 a5 10. h3 Bxe3 11. fxe3 Nb6 12. Bb3 Qe7 13. Nh4 Kh7 14. Qe1 Be6 
15. Bxe6 fxe6 16. Nf3 Nbd7 17. g4 g5 18. Rd1 Rf7 19. Rd2 Raf8 20. Rdf2 d5 
21. exd5 exd5 22. e4 dxe4 23. Nxe4 Nxe4 24. Qxe4+ Kg7 25. b3 Rf4 26. Qe3 R8f7 
27. Nd2 b5 28. Ne4 Rxf2 29. Rxf2 bxa4 30. bxa4 Qb4 31. Kh1 Qxa4 32. Rxf7+ Kxf7 
33. Qa7 Qd4 34. Qc7 Qd5 35. Kg1 Kg6 36. Qc8 Qe6 37. Qd8 Nf6 38. Nxf6 Qxf6 
39. Qg8+ Qg7 40. Qe8+ Qf7 41. Qxc6+ Kg7 42. Kg2 Qa7 43. c3 a4 44. Qd6 a3 
45. Qxe5+ Kh7 46. Qf5+ Kg7 47. Qe5+ Kg6 48. Qe6+ Kg7 49. Qe5+ 1/2-1/2

[Event "Friday Night Double Round Robin 3m+1s Starts at 2200hrs ST NO LATE JOINS POSS"]
[Site "Infinity Chess"]
[Date "2018.1.20"]
[Round "20"]
[White "tris77"]
[Black "star99"]
[Result "1-0 "]
[ECO "B90"]
[WhiteElo "2447"]
[BlackElo "2457"]
[WhiteEngine "Raubfisch X37b_CTG"]
[BlackEngine "Cryptic AIL V1"]
[EventType "Round Robin"]
[WhiteTeam ""]
[BlackTeam ""]
[PlyCount "155"]
[TimeControl "180+1"]

1. e4 c5 2. Nf3 d6 3. d4 cxd4 4. Nxd4 Nf6 5. Nc3 a6 6. Be3 e5 7. Nb3 Be7 
8. f3 Be6 9. Qd2 O-O 10. O-O-O Nbd7 11. g4 Qc7 12. g5 Nh5 13. Kb1 b5 
14. Nd5 Bxd5 15. exd5 Nb6 16. Na5 Nxd5 17. Qxd5 Qxa5 18. Bd3 g6 19. Qb7 Qd8 
20. Rhg1 Nf4 21. Bxf4 exf4 22. Be4 Rc8 23. Qxa6 Rc5 24. h4 Qd7 25. Bd5 Re8 
26. a3 Bf8 27. Qb7 Qxb7 28. Bxb7 Re7 29. Be4 Ree5 30. Rg4 h6 31. gxh6 Rh5 
32. Bb7 Rxh6 33. Rxf4 Rhh5 34. Re1 Kg7 35. Rb4 Rc4 36. c3 Kf6 37. Re8 Bh6 
38. Ba6 Rxb4 39. axb4 Rf5 40. Rb8 Rxf3 41. Bxb5 d5 42. Bc6 Rf1+ 43. Kc2 d4 
44. Rd8 dxc3 45. bxc3 Ke7 46. Rd7+ Ke6 47. b5 Be3 48. Rd8 Bf2 49. Bd5+ Ke7 
50. Rh8 Be3 51. h5 gxh5 52. Rxh5 f6 53. Rh8 Kd7 54. Ra8 Kc7 55. Re8 Rc1+ 
56. Kd3 Rd1+ 57. Kc4 Bg1 58. Re7+ Kb6 59. Re6+ Kc7 60. Rxf6 Rb1 61. Rc6+ Kb8 
62. Rg6 Bf2 63. Rf6 Rb2 64. Rf7 Bg1 65. Bc6 Bf2 66. Kd3 Bg1 67. c4 Rb1 
68. Rb7+ Kc8 69. Rg7 Bb6 70. Rg5 Rd1+ 71. Kc2 Be3 72. Bb7+ Kc7 73. b6+ Kxb7 
74. Rg7+ Kxb6 75. Kxd1 Bd4 76. Rg5 Bf2 77. Ke2 Bh4 78. Rf5 1-0

[Event "Friday Night Double Round Robin 3m+1s Starts at 2200hrs ST NO LATE JOINS POSS"]
[Site "Infinity Chess"]
[Date "2018.1.20"]
[Round "20"]
[White "PAKtech"]
[Black "sg13040"]
[Result "1/2-1/2"]
[ECO "C55"]
[WhiteElo "2449"]
[BlackElo "2453"]
[WhiteEngine "Raubfisch ME262_GTZ16b3._CTG"]
[BlackEngine "asmFishW_2018-01-14_popcnt"]
[EventType "Round Robin"]
[WhiteTeam ""]
[BlackTeam ""]
[PlyCount "68"]
[TimeControl "180+1"]

1. e4 e5 2. Nf3 Nc6 3. Bc4 Nf6 4. d3 Bc5 5. O-O a5 6. c3 d6 7. Bg5 O-O 8. a4 h6 
9. Bh4 g5 10. Bg3 Kg7 11. Na3 Ne7 12. Re1 Ng6 13. d4 exd4 14. Nxd4 h5 15. f3 h4 
16. Bf2 Ne5 17. Bb3 Nh5 18. Nc4 Re8 19. Nxe5 dxe5 20. Nf5+ Bxf5 21. Bxc5 Be6 
22. Bxe6 Rxe6 23. Re2 Qf6 24. Rd2 Ree8 25. Be3 Red8 26. Rd7 h3 27. gxh3 Rxd7 
28. Qxd7 Qxf3 29. Bxg5 Ng3 30. hxg3 Qxg3+ 31. Kh1 Qf3+ 32. Kg1 Qg3+ 33. Kh1 Qf3+ 
34. Kg1 Qg3+ 1/2-1/2

[Event "Friday Night Double Round Robin 3m+1s Starts at 2200hrs ST NO LATE JOINS POSS"]
[Site "Infinity Chess"]
[Date "2018.1.20"]
[Round "20"]
[White "xeonrocks"]
[Black "ocirema"]
[Result "1/2-1/2"]
[ECO "B90"]
[WhiteElo "2543"]
[BlackElo "2469"]
[WhiteEngine "asmFishW_CTG"]
[BlackEngine "stockfish_18011309_x64_modern_CTG"]
[EventType "Round Robin"]
[WhiteTeam ""]
[BlackTeam ""]
[PlyCount "154"]
[TimeControl "180+1"]

1. e4 c5 2. Nf3 d6 3. d4 cxd4 4. Nxd4 Nf6 5. Nc3 a6 6. Be3 e5 7. Nf3 Be7 
8. Bc4 O-O 9. O-O Nc6 10. Bg5 Be6 11. Qe2 Nh5 12. Be3 Nf6 13. Bg5 Nh5 
14. Be3 Nf6 15. Rfd1 Qc7 16. Bb3 Rac8 17. Bg5 Na5 18. Rac1 Nxb3 19. cxb3 Qb8 
20. g3 b5 21. Ne1 Qb7 22. Rc2 b4 23. Bxf6 Bxf6 24. Nd5 Bg5 25. h4 Bh6 26. Rc4 a5 
27. g4 f6 28. Ng2 Rfd8 29. Kh2 Kh8 30. Qf3 Rc5 31. Rxc5 dxc5 32. g5 fxg5 
33. Ndf4 Rxd1 34. Nxe6 Qe7 35. Qxd1 Qxe6 36. Qd8+ Qg8 37. Qxa5 Qf8 38. h5 g6 
39. Kg1 g4 40. Qc7 Bf4 41. Nxf4 Qxf4 42. h6 Qxh6 43. Qxe5+ Kg8 44. Qd5+ Kg7 
45. Qxc5 Qd2 46. Qe5+ Kf7 47. Kg2 h5 48. a4 bxa3 49. bxa3 Qd3 50. Qc7+ Kf8 
51. Qe5 Qf3+ 52. Kg1 Qd1+ 53. Kh2 Qf3 54. Qd4 Ke8 55. a4 Qf4+ 56. Kg2 Kf7 
57. Kg1 Qc1+ 58. Kg2 Qf4 59. Qe3 Qe5 60. Qd3 Qf4 61. Qc4+ Kf8 62. Qc5+ Kf7 
63. Qe3 Qe5 64. Qe2 Ke7 65. b4 Qd4 66. a5 Qxb4 67. a6 Qa5 68. e5 h4 
69. Qxg4 Qxa6 70. Qxh4+ Kf7 71. Qh7+ Ke8 72. Qg8+ Ke7 73. f3 Qe2+ 74. Kh3 Qxf3+ 
75. Kh2 g5 76. Qxg5+ Kd7 77. Qd2+ Ke8 1/2-1/2

[Event "Friday Night Double Round Robin 3m+1s Starts at 2200hrs ST NO LATE JOINS POSS"]
[Site "Infinity Chess"]
[Date "2018.1.20"]
[Round "20"]
[White "Gilgamesch"]
[Black "RonWeasley"]
[Result "1/2-1/2"]
[ECO "C11"]
[WhiteElo "2555"]
[BlackElo "2507"]
[WhiteEngine "BrainFish_171005_x64_bmi2"]
[BlackEngine "BrainFish 130117_CTG"]
[EventType "Round Robin"]
[WhiteTeam ""]
[BlackTeam ""]
[PlyCount "73"]
[TimeControl "180+1"]

1. e4 e6 2. d4 d5 3. Nc3 Nf6 4. e5 Nfd7 5. f4 c5 6. Nf3 Nc6 7. Be3 cxd4 
8. Nxd4 Qb6 9. a3 Bc5 10. Na4 Qa5+ 11. Nc3 Qb6 12. Na4 Qa5+ 13. c3 Bxd4 
14. Bxd4 Nxd4 15. Qxd4 b6 16. Qb4 Qxb4 17. axb4 Bb7 18. Bb5 Ke7 19. Kd2 f6 
20. Rhf1 Rhd8 21. b3 fxe5 22. Bxd7 Rxd7 23. fxe5 Bc6 24. g3 Rc8 25. Rf4 Bb5 
26. Nb2 Rdc7 27. h4 h5 28. g4 hxg4 29. Rxg4 Rxc3 30. Nc4 Bxc4 31. Rxa7+ Ke8 
32. bxc4 R8xc4 33. Rgxg7 Rc2+ 34. Ke3 R2c3+ 35. Kd2 Rc2+ 36. Ke3 R2c3+ 37. Kd2 
1/2-1/2

[Event "Friday Night Double Round Robin 3m+1s Starts at 2200hrs ST NO LATE JOINS POSS"]
[Site "Infinity Chess"]
[Date "2018.1.20"]
[Round "20"]
[White "Victorious"]
[Black "BraveDevil"]
[Result "1/2-1/2"]
[ECO "A50"]
[WhiteElo "2548"]
[BlackElo "2434"]
[WhiteEngine "BugChess2.41_Release"]
[BlackEngine "Cryptic AIL V1"]
[EventType "Round Robin"]
[WhiteTeam ""]
[BlackTeam ""]
[PlyCount "117"]
[TimeControl "180+1"]

1. d4 Nf6 2. c4 c6 3. Nf3 d5 4. cxd5 cxd5 5. Nc3 Nc6 6. Bf4 Nh5 7. Bd2 g6 
8. Qb3 Nf6 9. Bf4 Na5 10. Qd1 Bg7 11. e3 O-O 12. Bd3 Nh5 13. Bg5 b6 14. O-O Bb7 
15. Qe2 Nf6 16. b4 Nc6 17. a3 h6 18. Bh4 e6 19. Qb2 Rc8 20. Rac1 Qd7 21. b5 Na5 
22. Ne5 Qe8 23. f4 h5 24. Rfe1 Ne4 25. Nxe4 Rxc1 26. Rxc1 dxe4 27. Bf1 f6 
28. Nc4 Nxc4 29. Bxc4 Qd7 30. Qa2 Re8 31. a4 Kf7 32. Rd1 Rd8 33. Rd2 Bf8 
34. Rf2 Ke7 35. Rc2 Rc8 36. a5 Bd5 37. Bxd5 Rxc2 38. Qxc2 exd5 39. axb6 axb6 
40. h3 Kf7 41. Qa4 Be7 42. Qa6 Bd8 43. Qa8 Ke6 44. Kh2 Ke7 45. Kg1 Kf7 
46. Qa4 Qc7 47. Qa8 Qd7 48. Bf2 f5 49. Be1 Be7 50. Qh8 Bf6 51. Qb8 Qxb5 
52. Qc7+ Kg8 53. Qd6 Kf7 54. Kh2 Be7 55. Qc7 Ke6 56. Qe5+ Kf7 57. Qc7 Ke6 
58. Qc8+ Kf7 59. Qc7 1/2-1/2

[Event "Friday Night Double Round Robin 3m+1s Starts at 2200hrs ST NO LATE JOINS POSS"]
[Site "Infinity Chess"]
[Date "2018.1.20"]
[Round "20"]
[White "OlivierEvan"]
[Black "MGR"]
[Result "1/2-1/2"]
[ECO "A15"]
[WhiteElo "2410"]
[BlackElo "2536"]
[WhiteEngine "Houdini 6"]
[BlackEngine "asmFishW_2017-11-19_bmi2"]
[EventType "Round Robin"]
[WhiteTeam ""]
[BlackTeam ""]
[PlyCount "107"]
[TimeControl "180+1"]

1. c4 Nf6 2. Nf3 g6 3. d4 Bg7 4. Nc3 d5 5. cxd5 Nxd5 6. e4 Nxc3 7. bxc3 c5 
8. Rb1 O-O 9. Be2 Nc6 10. d5 Ne5 11. Nxe5 Bxe5 12. Qd2 e6 13. f4 Bg7 14. c4 Re8 
15. e5 f6 16. d6 fxe5 17. Bb2 exf4 18. Bxg7 Kxg7 19. O-O Rf8 20. Rbd1 Bd7 
21. Qb2+ Kg8 22. Qxb7 Ba4 23. Rd3 Qd7 24. Qb2 Rab8 25. Qd2 e5 26. Bf3 Bc6 
27. Qe2 Bxf3 28. Qxf3 Rf6 29. Qd5+ Re6 30. Qxc5 Rd8 31. Re1 e4 32. Qd5 Qxd6 
33. Qxd6 Rdxd6 34. Rxd6 Rxd6 35. Rxe4 Ra6 36. c5 Rxa2 37. Rc4 Rd2 38. Rxf4 Rc2 
39. Ra4 Rxc5 40. Rxa7 Rc2 41. h4 Rc1+ 42. Kf2 Rc4 43. g3 g5 44. h5 g4 45. h6 Rc5 
46. Rg7+ Kf8 47. Rxh7 Rc1 48. Ke3 Rc6 49. Rh8+ Kf7 50. h7 Kg7 51. Ra8 Kxh7 
52. Kf4 Rc4+ 53. Kg5 Kg7 54. Ra5 1/2-1/2

[Event "Friday Night Double Round Robin 3m+1s Starts at 2200hrs ST NO LATE JOINS POSS"]
[Site "Infinity Chess"]
[Date "2018.1.20"]
[Round "19"]
[White "MGR"]
[Black "Victorious"]
[Result "1/2-1/2"]
[ECO "C50"]
[WhiteElo "2536"]
[BlackElo "2548"]
[WhiteEngine "asmFishW_2017-11-19_bmi2"]
[BlackEngine "BugChess2.41_Release"]
[EventType "Round Robin"]
[WhiteTeam ""]
[BlackTeam ""]
[PlyCount "104"]
[TimeControl "180+1"]

1. e4 e5 2. Nf3 Nc6 3. Bc4 Bc5 4. O-O Nf6 5. d3 d6 6. c3 O-O 7. Nbd2 a5 
8. Re1 Be6 9. Bb5 Ne7 10. d4 Ba7 11. h3 Ng6 12. Ba4 Nh5 13. Nxe5 dxe5 
14. Qxh5 exd4 15. Nf3 dxc3 16. bxc3 Qf6 17. e5 Qf5 18. Qxf5 Bxf5 19. Nd4 Be6 
20. Kh2 Bc5 21. Nxe6 fxe6 22. f3 Nxe5 23. Rxe5 Bd6 24. f4 Bxe5 25. fxe5 Rf1 
26. Bb2 Rxa1 27. Bxa1 Rd8 28. Bb3 Kf7 29. c4 b6 30. Kg1 Rd3 31. Bb2 a4 
32. Bxa4 Rd2 33. Bc3 Rxa2 34. Bb5 g5 35. Kf1 h6 36. Bb4 Rc2 37. Be1 Kg7 
38. Bf2 Kf7 39. Ke1 c5 40. g4 Rb2 41. h4 gxh4 42. Bxh4 Rg2 43. Bd8 Rxg4 
44. Bxb6 h5 45. Bxc5 h4 46. Kf1 h3 47. Bg1 Rg5 48. Bc6 Rf5+ 49. Ke2 Rxe5+ 
50. Kf1 Rf5+ 51. Ke2 Kf6 52. Bh1 Ra5 1/2-1/2

[Event "Friday Night Double Round Robin 3m+1s Starts at 2200hrs ST NO LATE JOINS POSS"]
[Site "Infinity Chess"]
[Date "2018.1.20"]
[Round "19"]
[White "RonWeasley"]
[Black "xeonrocks"]
[Result "1/2-1/2"]
[ECO "C55"]
[WhiteElo "2505"]
[BlackElo "2545"]
[WhiteEngine "BrainFish 130117_CTG"]
[BlackEngine "asmFishW_CTG"]
[EventType "Round Robin"]
[WhiteTeam ""]
[BlackTeam ""]
[PlyCount "98"]
[TimeControl "180+1"]

1. e4 e5 2. Nf3 Nc6 3. Bc4 Nf6 4. d3 Bc5 5. c3 a5 6. Bg5 h6 7. Bh4 g5 8. Bg3 d6 
9. O-O O-O 10. Na3 Rb8 11. Nb5 Kg7 12. Bb3 Nh5 13. d4 Nxg3 14. fxg3 Bb6 
15. Kh1 Bd7 16. Na3 exd4 17. cxd4 f5 18. e5 dxe5 19. d5 Nd4 20. Nxe5 Be8 
21. Qd3 c6 22. Nc2 Nxb3 23. Qxb3 cxd5 24. Rad1 a4 25. Qd3 Rc8 26. Nd4 Bxd4 
27. Qxd4 Rf6 28. Rfe1 Qd6 29. h4 gxh4 30. gxh4 Kh7 31. Re3 Rc7 32. Qxd5 Qxd5 
33. Rxd5 Rb6 34. Nd3 Bf7 35. Rxf5 Bxa2 36. Ra5 Bb3 37. Nc5 Bf7 38. Nd3 Rb3 
39. Rxa4 Rc4 40. Rxc4 Bxc4 41. Re7+ Kg6 42. Nc5 Rxb2 43. Rxb7 Rxb7 44. Nxb7 Bd5 
45. Nd6 Kh5 46. Nf5 Bc6 47. Kg1 Bd7 48. g4+ Kxg4 49. Nxh6+ Kxh4 1/2-1/2